 Dungeon Sprint DCSS version 0.21-a0-8-gcf94df6 (webtiles) character file.

25088 Angani the Impassioned (level 13, 0/76 HPs)
             Began as a Vine Stalker Fighter on May 23, 2017.
             Was an Elder of Uskayaw.
             Slain by an orc knight
             ... wielding a +0 halberd
              (4 damage)
             ... in the Dungeon (Sprint VII: "The Pits").
             The game lasted 00:14:00 (2709 turns).

Angani the Impassioned (Vine Stalker Fighter)       Turns: 2709, Time: 00:14:00

Health: 0/76       AC: 19    Str: 22    XL:     13   Next: 17%
Magic:  0/26       EV: 13    Int:  8    God:    Uskayaw [****..]
Gold:   42         SH: 13    Dex: 16    Spells: 12/12 levels left

rFire    . . .     SeeInvis .   v - +8 rapier (venom)
rCold    . . .     Gourm    .   c - +0 shield
rNeg     + . .     Faith    .   b - +1 plate armour {rN+}
rPois    .         Spirit   +   r - +0 helmet
rElec    .         Reflect  .   (no cloak)
rCorr    .         Harm     .   (no gloves)
MR       ++...     NoTele   +   w - +0 pair of boots
Stlth    +.........             (no amulet)
Regen    1.1/turn               d - +3 ring of evasion
MPRegen  0.2/turn               s - +3 ring of evasion

@: no status effects
A: fangs 3, magic resistance 1, regeneration 2, magic shield, antimagic bite, no
potion heal 3, rot immunity, sturdy frame 1
a: Stomp, Line Pass, Renounce Religion


You were in the Dungeon.
You worshipped Uskayaw.
Uskayaw was most pleased with you.
You were not hungry.

You visited 1 branch You collected 42 gold pieces.

Inventory:

Hand Weapons
 v - a +8 rapier of venom (weapon)
 B - the +6 arbalest "Damnation" {damnation}
   (You found it in the Dungeon)
Armour
 b - a +1 plate armour of positive energy (worn)
 c - a +0 shield (worn)
 r - a +0 helmet (worn)
 w - a +0 pair of boots (worn)
Jewellery
 d - a +3 ring of evasion (left hand)
 s - a +3 ring of evasion (right hand)
 y - an uncursed ring of protection from cold
 A - a +4 ring of dexterity
Wands
 z - a wand of lightning (4/15)
Scrolls
 k - a scroll of magic mapping
 m - 3 scrolls of remove curse
 n - 5 scrolls of amnesia
 C - 4 scrolls of recharging
 D - 2 scrolls of fear
 G - a scroll of fog
Potions
 e - 10 potions of curing
 g - 12 potions of heal wounds
 h - a potion of haste
 i - 4 potions of magic
 j - 3 potions of berserk rage
 l - 2 potions of invisibility
 t - 3 potions of might
 u - 2 potions of mutation
 x - a potion of lignification
 F - a potion of brilliance
Comestibles
 f - 8 bread rations
 p - 32 fruits
 q - 7 meat rations


   Skills:
 + Level 12.8 Fighting
 + Level 12.6 Short Blades
 + Level 11.7 Armour
 - Level 12.2 Stealth
 + Level 12.8 Shields
 * Level 17.8 Invocations


You had 12 spell levels left.
You didn't know any spells.

Dungeon Overview and Level Annotations

Branches:
Dungeon (1/1)

Altars:
Ashenzari
Cheibriados
Dithmenos
Elyvilon
Fedhas
Gozag
Hepliaklqana
Kikubaaqudgha
Makhleb
Nemelex Xobeh
Okawaru
Qazlal
Ru
Sif Muna
Trog
Uskayaw
Vehumet
Wu Jian
Xom
Yredelemnul
Zin
The Shining One
Beogh
Jiyva
Lugonu


Innate Abilities, Weirdness & Mutations

You have razor-sharp teeth.
You heal very quickly.
When hurt, damage is shared between your health and your magic reserves.
Your bite disrupts and absorbs the magic of your enemies.
Potions cannot restore your health.
You are immune to rotting.
You are resistant to hostile enchantments. (MR+)
Your movements are slightly less encumbered by armour. (ER -2)


Message History

* * * LOW HITPOINT WARNING * * *
Uskayaw will force your foes to share their pain.
Uskayaw links your audience in an emotional bond!
You hit the orc knight.
The orc knight looks as sick as possible!
The orc knight is moderately wounded.
Unknown command.
As you read the scroll of summoning, it crumbles to dust.
Wisps of shadow whirl around you... You block the orc knight's attack.
Unknown command.
The orc knight hits you from afar with a halberd!
* * * LOW HITPOINT WARNING * * *
Your small abomination hits the orc knight but does no damage.
Unknown command.
Unknown command.
Okay, then.
Unknown command.
Your small abomination barely misses the orc knight.
The orc knight hits you from afar with a halberd.
You die...

##................##.[# #e
##......#..#......##..# #e
##................''..# #)
)'................de..##########.
##......#..#.....o##....de....[..
##...........(.e..##.e...........
#####'#####''####################
##.......##''# ##### ####### ###
##.......##.p###@..###..+...# #..
##.......##.e.##.x.##..##...###..
##...<...###...##o##..###...'.##.
##.......# ##..e(px....##...#..##
##.......###..###'###...##'##...#
##.......##..##.....##..#...#...#
##########..'.......'..'...'...)
###########..##.....##..#...#...#
....#....###..###'###...##'##...#


You could see a vault guard, an orc knight and 2 friendly small abominations.

Vanquished Creatures
  2 orc warlords (D)
  A vampire knight (D)
  2 great orbs of eyes (D)
  A hydra (D)
  An ogre mage (D)
  3 two-headed ogres (D)
  A death knight (D)
  A vampire mage (D)
  2 deep elf knights (D)
  A shadow wraith (D)
  A sun demon (D)
  A flayed ghost (D)
  A deep troll (D)
  A phantasmal warrior (D)
  A cyclops (D)
  11 orc knights (D)
  A black mamba (D)
  A molten gargoyle (D)
  Psyche (D)
  2 smoke demons (D)
  An orange demon (D)
  A rime drake (D)
  A yaktaur (D)
  A freezing wraith (D)
  3 demonic crawlers (D)
  A tyrant leech (D)
  A bog body (D)
  A wandering mushroom (D)
  A dream sheep (D)
  A snapping turtle (D)
  A spriggan (D)
  A flying skull (D)
  A redback (D)
  A vampire (D)
  A ynoxinul (D)
  A fire bat (D)
  A basilisk (D)
  A steam dragon (D)
  A soldier ant (D)
  A warg (D)
  3 hungry ghosts (D)
  A floating eye (D)
  2 orc warriors (D)
  A sky beast (D)
  A swamp drake (D)
  A phantom (D)
  An ice beast (D)
  A necrophage (D)
  3 ogres (D)
  A crocodile (D)
  A gnoll sergeant (D)
  A scorpion (D)
  A crimson imp (D)
  A hound (D)
  A quasit (D)
  2 iron imps (D)
  An iguana (D)
  6 gnolls (D)
  An adder (D)
  2 river rats (D)
  3 oozes (D)
  An adder zombie (D)
  An adder simulacrum (D)
  3 orcs (D)
  A ball python (D)
  A goblin (D)
  2 hobgoblins (D)
  2 jackals (D)
  A bat simulacrum (D)
  A quokka skeleton (D)
  A rat (D)
107 creatures vanquished.

Notes
Turn   | Place    | Note
-------+----------+-------------------------------------------
     0 | D        | Angani the Vine Stalker Fighter began the quest for the Orb.
     0 | D        | Reached XP level 1. HP: 11/11 MP: 2/2
    18 | D        | Found a bloodstained altar of Trog.
    18 | D        | Found a deep blue altar of Sif Muna.
    18 | D        | Found a viscous altar of Jiyva.
    18 | D        | Found a hazy altar of Hepliaklqana.
    18 | D        | Found an opulent altar of Gozag.
    19 | D        | Found a glowing golden altar of the Shining One.
    19 | D        | Found a glowing silver altar of Zin.
    19 | D        | Found a basalt altar of Yredelemnul.
    19 | D        | Found a shimmering altar of Xom.
    19 | D        | Found an ornate altar of the Wu Jian Council.
    19 | D        | Found a sacrificial altar of Ru.
    19 | D        | Found a stormy altar of Qazlal.
    19 | D        | Found an iron altar of Okawaru.
    19 | D        | Found a sparkling altar of Nemelex Xobeh.
    19 | D        | Found a burning altar of Makhleb.
    19 | D        | Found a blossoming altar of Fedhas.
    19 | D        | Found a white marble altar of Elyvilon.
    19 | D        | Found a shadowy altar of Dithmenos.
    19 | D        | Found a snail-covered altar of Cheibriados.
    21 | D        | Found a radiant altar of Vehumet.
    21 | D        | Found a corrupted altar of Lugonu.
    21 | D        | Found a roughly hewn altar of Beogh.
    22 | D        | Found a hide-covered altar of Uskayaw.
    22 | D        | Found an ancient bone altar of Kikubaaqudgha.
    22 | D        | Found a shattered altar of Ashenzari.
    30 | D        | Became a worshipper of Uskayaw the Reveler
    72 | D        | Reached * piety under Uskayaw
    82 | D        | Reached ** piety under Uskayaw
    86 | D        | Reached XP level 2. HP: 3/16 MP: 1/3
   337 | D        | Reached XP level 3. HP: 20/21 MP: 4/4
   341 | D        | Noticed a floating eye
   347 | D        | Paralysed by a floating eye for 3 turns
   352 | D        | Killed a floating eye
   352 | D        | Reached skill level 4 in Invocations
   352 | D        | Gained mutation: Your natural rate of healing is unusually fast. [Vine Stalker growth]
   352 | D        | Reached XP level 4. HP: 22/26 MP: 3/8
   352 | D        | Reached XP level 5. HP: 26/30 MP: 3/9
   352 | D        | Reached *** piety under Uskayaw
   358 | D        | Reached **** piety under Uskayaw
   361 | D        | Reached skill level 5 in Fighting
   483 | D        | Noticed a warg
   485 | D        | Reached skill level 5 in Shields
   485 | D        | Reached skill level 5 in Invocations
   496 | D        | Killed a warg
   496 | D        | Reached skill level 5 in Short Blades
   496 | D        | Reached skill level 5 in Armour
   496 | D        | Reached skill level 6 in Invocations
   496 | D        | Reached XP level 6. HP: 30/36 MP: 5/11
   515 | D        | Noticed a fire bat
   526 | D        | Killed a fire bat
   526 | D        | Reached skill level 7 in Invocations
   526 | D        | Reached XP level 7. HP: 10/40 MP: 1/13
   647 | D        | Reached skill level 8 in Invocations
   652 | D        | Reached ***** piety under Uskayaw
   654 | D        | Noticed a dream sheep
   655 | D        | Killed a dream sheep
   655 | D        | Reached skill level 5 in Stealth
   655 | D        | Reached skill level 9 in Invocations
   655 | D        | Gained mutation: You have razor-sharp teeth. [Vine Stalker growth]
   655 | D        | Reached XP level 8. HP: 40/46 MP: 13/15
   668 | D        | Reached ****** piety under Uskayaw
   675 | D        | Noticed a demonic crawler
   676 | D        | Noticed a flying skull
   676 | D        | Noticed a tyrant leech
   688 | D        | Killed a demonic crawler
   693 | D        | Killed a flying skull
   693 | D        | Reached skill level 10 in Invocations
   694 | D        | Killed a tyrant leech
   694 | D        | Reached XP level 9. HP: 22/51 MP: 17/17
   749 | D        | Gained mutation: You have large cloven feet. [mutagenic meat]
   750 | D        | Gained mutation: You expend magic power (3 MP) to strengthen your wands. [mutagenic meat]
   751 | D        | Gained mutation: You are frail. (-10% HP) [mutagenic meat]
   752 | D        | Gained mutation: You are somewhat resistant to further mutation. [mutagenic meat]
   881 | D        | Noticed a demonic crawler
   914 | D        | Killed a demonic crawler
   988 | D        | Noticed a deep troll
   997 | D        | Killed a deep troll
   997 | D        | Reached skill level 11 in Invocations
   998 | D        | Noticed a smoke demon
  1009 | D        | Killed a smoke demon
  1023 | D        | HP: 1/46 [something (6)]
  1040 | D        | Killed a shadow wraith
  1045 | D        | Reached XP level 10. HP: 16/51 MP: 15/19
  1048 | D        | Reached skill level 12 in Invocations
  1143 | D        | Noticed a molten gargoyle
  1153 | D        | Killed a molten gargoyle
  1164 | D        | Noticed a flayed ghost
  1180 | D        | Killed a flayed ghost
  1180 | D        | Reached skill level 10 in Stealth
  1217 | D        | Noticed a smoke demon
  1233 | D        | Killed a smoke demon
  1238 | D        | Noticed an orange demon
  1275 | D        | Killed an orange demon
  1275 | D        | Reached skill level 13 in Invocations
  1338 | D        | Noticed a six-headed hydra
  1352 | D        | Noticed a great orb of eyes
  1363 | D        | Paralysed by a great orb of eyes for 2 turns
  1372 | D        | Killed a great orb of eyes
  1372 | D        | Reached skill level 10 in Fighting
  1372 | D        | Reached XP level 11. HP: 56/56 MP: 20/22
  1383 | D        | Killed a six-headed hydra
  1383 | D        | Reached skill level 10 in Shields
  1393 | D        | Noticed an orc knight
  1395 | D        | Noticed Psyche
  1396 | D        | Noticed a cyclops
  1402 | D        | Killed a cyclops
  1402 | D        | Reached skill level 10 in Short Blades
  1406 | D        | Killed an orc knight
  1406 | D        | Reached skill level 14 in Invocations
  1411 | D        | Killed Psyche
  1542 | D        | Lost mutation: You are frail. (-10% HP) [potion of mutation]
  1542 | D        | Lost mutation: You have large cloven feet. [potion of mutation]
  1542 | D        | Lost mutation: You are somewhat resistant to further mutation. [potion of mutation]
  1542 | D        | Lost mutation: You expend magic power (3 MP) to strengthen your wands. [potion of mutation]
  1542 | D        | Gained mutation: Scrolls take you a little longer to read. [potion of mutation]
  1542 | D        | Gained mutation: You are partially covered in rugged brown scales. (AC +1, +3% HP) [potion of mutation]
  1543 | D        | Lost mutation: Scrolls take you a little longer to read. [potion of mutation]
  1543 | D        | Lost mutation: You are partially covered in rugged brown scales. (AC +1, +3% HP) [potion of mutation]
  1543 | D        | Gained mutation: Your movements are slightly less encumbered by armour. (ER -2) [potion of mutation]
  1543 | D        | Gained mutation: You are resistant to hostile enchantments. (MR+) [potion of mutation]
  1612 | D        | Noticed a phantasmal warrior
  1623 | D        | Killed a phantasmal warrior
  1686 | D        | Noticed a vampire knight
  1701 | D        | Killed a vampire knight
  1701 | D        | Reached skill level 10 in Armour
  1752 | D        | Reached skill level 15 in Invocations
  1794 | D        | Noticed a two-headed ogre
  1804 | D        | Noticed a two-headed ogre
  1809 | D        | Noticed an ogre mage
  1810 | D        | Noticed a two-headed ogre
  1814 | D        | Killed a two-headed ogre
  1815 | D        | Killed a two-headed ogre
  1815 | D        | Gained mutation: You heal very quickly. [Vine Stalker growth]
  1815 | D        | Reached XP level 12. HP: 66/70 MP: 20/24
  1819 | D        | Killed a two-headed ogre
  1819 | D        | Killed an ogre mage
  1915 | D        | Noticed a death knight
  1942 | D        | Killed a death knight
  1942 | D        | Reached skill level 16 in Invocations
  1961 | D        | Noticed an orc warlord
  1961 | D        | Noticed an orc warlord
  2082 | D        | Killed an orc warlord
  2128 | D        | Noticed a vampire mage
  2138 | D        | Killed a vampire mage
  2340 | D        | Reached skill level 17 in Invocations
  2359 | D        | Noticed a sun demon
  2498 | D        | Killed an orc warlord
  2555 | D        | Killed a sun demon
  2555 | D        | Reached XP level 13. HP: 54/76 MP: 19/26
  2619 | D        | Noticed a great orb of eyes
  2627 | D        | Noticed a vault guard
  2631 | D        | Noticed a yellow draconian
  2632 | D        | Noticed a yaktaur captain
  2632 | D        | Killed a great orb of eyes
  2708 | D        | HP: 3/76 [orc knight/halberd (6)]
  2709 | D        | Slain by an orc knight

Vault maps used:
D:        pitsprint

Skill      XL: |  1  2  3  4  5  6  7  8  9 10 11 12 |
---------------+-------------------------------------+-----
Short Blades   | 2 3 4 5 6 7 8 9 11 12 | 12.6
Fighting       | 3 4 5 6 7 8 10 11 12 | 12.8
Shields        | 3 4 5 6 7 8 9 11 12 | 12.8
Armour         | 3 4 5 6 7 8 9 10 11 | 11.7
Invocations    | 4 6 7 9 10 11 13 15 17 | 17.8
Stealth        | 2 5 7 9 11 12 | 12.2

Action                   |  1- 3 |  4- 6 |  7- 9 | 10-12 | 13-15 || total
-------------------------+-------+-------+-------+-------+-------++-------
Melee: Rapier            |    26 |    35 |   124 |   314 |    33 ||   532
       Bite              |     6 |     9 |    59 |   141 |    15 ||   230
Invok: Grand Finale      |       |       |     1 |       |       ||     1
Evoke: Wand              |       |       |       |     3 |       ||     3
  Use: Potion            |       |       |     3 |     4 |       ||     7
       Scroll            |       |       |     1 |     6 |     1 ||     8
 Stab: Paralysed         |       |     4 |     9 |    24 |     1 ||    38
  Eat: Chunk             |       |       |     7 |       |       ||     7
       Fruit             |       |       |     4 |     4 |       ||     8
Armor: Scale mail        |     8 |     1 |       |       |       ||     9
       Chain mail        |       |    23 |    26 |       |       ||    49
       Plate armour      |       |       |    37 |    63 |     6 ||   106
Dodge: Dodged            |     6 |     6 |    41 |    50 |     3 ||   106
Block: Shield            |     7 |    28 |    68 |   126 |    24 ||   253
